 Dungeon Crawl Stone Soup version 0.30-a0-989-g0d87f670db (console) character file.

Game seed: 17479634753241510806

87 utis the Conjurer (level 4, -1/25 HPs)
             Began as a Tengu Wanderer on Apr 2, 2023.
             Succumbed to a kobold's poison
             ... on level 1 of the Dungeon.
             The game lasted 00:06:50 (2135 turns).

utis the Conjurer (Tengu Wanderer)                  Turns: 2135, Time: 00:06:51

Health: -1/25      AC:  6    Str: 15    XL:     4   Next: 51%
Magic:  1/6        EV: 11    Int: 12    God:
Gold:   106        SH:  0    Dex: 13    Spells: 1/5 levels left

rFire   . . .      SeeInvis .    h - +0 dagger
rCold   . . .      Faith    .    (no shield)
rNeg    . . .      Spirit   .    d - +0 ring mail
rPois   .          Reflect  .    (helmet restricted)
rElec   .          Rampage  .    (no cloak)
rCorr   .                        f - +0 pair of gloves
Will    .....                    (boots unavailable)
Stlth   +                        (no amulet)
HPRegen 0.24/turn                (no ring)
MPRegen 0.10/turn                (no ring)

@: lethally poisoned (-1 -> -16), hasted, very quick
A: beak, talons 3
a: no special abilities


You were on level 1 of the Dungeon.
You visited 1 branch of the dungeon, and saw 2 of its levels.

You collected 106 gold pieces.

Inventory:

Hand Weapons
 a - a +0 club
 h - a +0 dagger (weapon)
 k - a +0 sling
Missiles
 e - 6 javelins
Armour
 b - a +0 scale mail
 d - a +0 ring mail (worn)
 f - a +0 pair of gloves (worn)
Scrolls
 g - 2 scrolls of identify {unknown}
 j - a scroll of teleportation {unknown}
 m - a scroll of immolation {unknown}
 n - a scroll of magic mapping {unknown}
Potions
 c - 2 potions of attraction
 l - a potion of magic {unknown}
 o - a potion of curing {unknown}


   Skills:
 + Level 1.5 Fighting
 - Level 2.0 Throwing
 - Level 1.6 Armour
 + Level 1.6 Dodging
 - Level 1.0 Stealth
 - Level 1.1 Unarmed Combat
 - Level 1.0 Spellcasting
 + Level 6.1 Conjurations
 + Level 1.5 Air Magic
 + Level 1.0 Poison Magic


You had one spell level left.
You knew the following spells:

 Your Spells              Type           Power      Damage    Failure   Level
p - Mephitic Cloud        Conj/Pois/Air  7%         N/A       47%         3
z - Magic Dart            Conj           60%        1d6       4%          1

Your spell library contained the following spells:

 Spells                   Type           Power      Damage    Failure   Level
 Kiss of Death            Conj/Necr      28%        2d7       17%         1
 Slow                     Hex            0%         N/A       50%         1
 Confusing Touch          Hex            0%         N/A       86%         3
 Vampiric Draining        Necr           0%         2d6       86%         3


Dungeon Overview and Level Annotations

Branches:
Dungeon (2/15)

Altars:

Annotations:
D:2 Sigmund


Innate Abilities, Weirdness & Mutations

You have a beak for a mouth.
You have claws for feet.


Message History

Your Poison Magic skill increases to level 1!
The endoplasm freezes you.
You are frozen.
Things that are here:
a +0 club; a +0 robe The endoplasm attacks as you move away!
The endoplasm barely misses you. The bat hits you but does no damage.
The kobold hits you but does no damage.
You are poisoned.
There is a stone staircase leading up here.
You feel very sick.
The endoplasm hits you but does no damage.
The kobold hits you with a +1 dagger of venom.
You climb upwards.
Reactivating autopickup.
You feel sick.
There is a stone staircase leading down here.
The magic dart hits the endoplasm.
The endoplasm is lightly wounded.
You feel sick. The endoplasm freezes you.
You are frozen.
The kobold barely misses you.
The magic dart hits the endoplasm.
You kill the endoplasm!
You feel sick. The kobold barely misses you.
The magic dart hits the kobold but does no damage.
* * * LOW MAGIC WARNING * * *
You feel sick. The kobold hits you but does no damage.
You are more poisoned.
The magic dart hits the kobold but does no damage.
* * * LOW MAGIC WARNING * * *
You feel sick.
The kobold hits you with a +1 dagger of venom.
* * * LOW HITPOINT WARNING * * *
You are lethally poisoned!
The magic dart hits the kobold but does no damage.
* * * LOW MAGIC WARNING * * *;
* * * LOW HITPOINT WARNING * * *
You feel very sick. The kobold misses you.
It was a potion of haste.
You feel yourself speed up.
You die...

░..)....░░░░░░░░░░░░░░.░░
░.......░░.......░ ░.░
░.......░░.......░ ░.░
░.......░░.......░ ░.░
░.......░░.......░ ░.░
░.......░░.......░ ░.░
░░░░.░░░░░.......░ ░.░
░.░ ░.......░ ░.░ ░.░░░
░░?Q...░░░░░░.░ ░...░
░K.........░.░
░░░.░░░░......░░░.░.░
░..................░
░..░░░.......░.....░
░..░░░.░░.░.░░.░..░░
░░░░░
░....).........░..░░░
░░░...░
░.░░░░.░░.░.......░.░░░░░
......░
░......░░.░.░░░░░..░.....


You could see a kobold.

Vanquished Creatures
  Jessica (D:2)
  Robin (D:1)
  3 ball pythons
  3 endoplasms
  A giant cockroach (D:1)
  9 goblins
  10 hobgoblins
  3 quokkas
  3 bats
  2 frilled lizards (D:1)
  4 kobolds
  5 rats
45 creatures vanquished.

Notes
Turn   | Place    | Note
-------+----------+-------------------------------------------
     0 | D:1      | utis the Tengu Wanderer began the quest for the Orb.
     0 | D:1      | utis set off with the following items: a +0 club, a +0
                  | scale mail, 2 potions of attraction; and the following
                  | spells available to memorise: Magic Dart, Kiss of Death,
                  | Mephitic Cloud.
     0 | D:1      | Reached XP level 1. HP: 10/10 MP: 3/3
     2 | D:1      | Learned a level 1 spell: Magic Dart
   189 | D:1      | Found a faded altar of an unknown god.
   202 | D:1      | Reached XP level 2. HP: 16/16 MP: 2/4
  1176 | D:2      | Reached skill level 1 in Dodging
  1210 | D:2      | Reached XP level 3. HP: 20/20 MP: 1/5
  1258 | D:2      | Learned a level 3 spell: Mephitic Cloud
  1410 | D:2      | Noticed Robin
  1431 | D:1      | Reached skill level 1 in Fighting
  1518 | D:2      | Noticed Sigmund
  1648 | D:1      | Killed Robin
  1790 | D:2      | Reached skill level 1 in Air Magic
  2004 | D:2      | Reached XP level 4. HP: 25/25 MP: 2/6
  2069 | D:2      | Reached skill level 6 in Conjurations
  2112 | D:2      | Noticed Jessica
  2124 | D:2      | Killed Jessica
  2125 | D:2      | Reached skill level 1 in Poison Magic
  2135 | D:1      | Succumbed to a kobold's poison

Illustrated notes

Levels and vault maps discovered:
D:1:      spicycebolla_green_bress_n_ham_2, layout_loops_cross,
          basic_ecumenical_altar
D:2:      layout_rooms, uniq_sigmund, uniq_robin, uniq_jessica

Skill      XL: |  1  2  3  4 |
---------------+-------------+-----
Dodging        | 1 |  1.6
Fighting       | 1 |  1.5
Air Magic      | 1 |  1.5
Conjurations   | 6 |  6.1
Poison Magic   | 1 |  1.0
Throwing       | |  2.0
Armour         | |  1.6
Stealth        | |  1.0
Unarmed Combat | |  1.1
Spellcasting   | |  1.0

Action                     |  1- 3 |  4- 6 || total
---------------------------+-------+-------++-------
  Melee: Club              |    18 |       ||    18
         Peck              |     7 |       ||     7
         Kick              |    10 |     1 ||    11
         Dagger            |    32 |     1 ||    33
   Cast: Magic Dart        |    81 |    11 ||    92
    Use: Potion            |       |     1 ||     1
 Armour: Scale mail        |    10 |       ||    10
         Ring mail         |    23 |     4 ||    27
  Dodge: Dodged            |    31 |     4 ||    35

Table legend: (Time is in decaauts)
 A = Elapsed time spent in this place.
 B = Non-inter-level travel time spent in this place.
 C = Inter-level travel time spent in this place.
 D = Time resting spent in this place.
 E = Time spent auto-exploring this place.
 F = Levels seen in this place.
 G = Mean time per level.
                   A        B        C        D        E       F      G
               +--------+--------+--------+--------+--------+-----+--------+
         Total |   2148 |   2036 |    112 |    981 |    646 |   2 | 1074.0 |
       Dungeon |   2148 |   2036 |    112 |    981 |    646 |   2 | 1074.0 |
               +--------+--------+--------+--------+--------+-----+--------+

Top non-repeatable levels by time:
     D:1: 1382 daAuts
     D:2: 766 daAuts
